 Dungeon Crawl Stone Soup version 0.28-a0-628-g3c9886e45e (webtiles) character file.

Game seed: 2728404270963941129

5 zero the Conjurer (level 1, -1/10 HPs)
             Began as a Gargoyle Conjurer on Oct 8, 2021.
             Slain by a kobold (2 damage)
             ... on level 1 of the Dungeon.
             The game lasted 00:00:19 (177 turns).

zero the Conjurer (Gargoyle Conjurer)                Turns: 177, Time: 00:00:19

Health: -1/10      AC:  4    Str: 10    XL:     1   Next: 80%
Magic:  0/3        EV: 11    Int: 18    God:
Gold:   0          SH:  0    Dex:  8    Spells: 3/4 levels left

rFire   . . .      SeeInvis .   (no weapon)
rCold   . . .      Faith    .   (no shield)
rNeg    + . .      Spirit   .   a - +0 robe
rPois   ∞          Reflect  .   (no helmet)
rElec   +          Harm     .   (no cloak)
rCorr   .          Rampage  .   (no gloves)
Will    .....                   (no boots)
Stlth   ++........              (no amulet)
HPRegen 0.03/turn               (no ring)
MPRegen 0.08/turn               (no ring)

@: no status effects
A: sickness immunity, AC +2, negative energy resistance 1, electricity
resistance, torment resistance 1, petrification resistance
a: no special abilities


You were on level 1 of the Dungeon.
You visited 1 branch of the dungeon, and saw 1 of its levels.

Inventory:

Armour
 a - a +0 robe (worn)


   Skills:
 - Level 1.5 Dodging
 - Level 2.1 Stealth
 + Level 2.4 Spellcasting
 - Level 4.3 Conjurations


You had 3 spell levels left.
You knew the following spells:

 Your Spells              Type           Power      Damage    Failure   Level
a - Magic Dart            Conj           68%        1d6       3%          1

Your spell library contained the following spells:

 Spells                   Type           Power      Damage    Failure   Level
 Searing Ray              Conj           34%        2d5       4%          2
 Dazzling Flash           Conj/Hex       20%        N/A       22%         3
 Fulminant Prism          Conj/Hex       5%         3d7       56%         4
 Iskenderun's Mystic Bla  Conj/Tloc      10%        2d4       56%         4


Dungeon Overview and Level Annotations

Branches:
Dungeon (1/15)

Altars:


Innate Abilities, Weirdness & Mutations

You are immune to sickness and miasma.
Your stone body is resilient. (AC +2)
You are immune to poison.
You resist negative energy. (rN+)
You are resistant to electric shocks. (rElec)
You are resistant to unholy torment.
You are immune to petrification.


Message History

The kobold hits you with a +0 club.
You are too depleted to draw on your mana recklessly!
You hit the kobold but do no damage.
The kobold is heavily wounded.
The kobold misses you.
You are too depleted to draw on your mana recklessly!
You completely miss the kobold.
The kobold is heavily wounded.
The kobold hits you but does no damage.
You are too depleted to draw on your mana recklessly!
You closely miss the kobold.
The kobold is heavily wounded.
The kobold hits you with a +0 club.
You are too depleted to draw on your mana recklessly!
You hit the kobold but do no damage.
The kobold is heavily wounded.
The kobold hits you but does no damage.
You closely miss the kobold.
The kobold is heavily wounded.
The kobold barely misses you.
You completely miss the kobold.
The kobold is heavily wounded.
The kobold hits you with a +0 club.
* * * LOW HITPOINT WARNING * * *
You closely miss the kobold.
The kobold is heavily wounded.
The kobold misses you.
You hit the kobold.
The kobold is severely wounded.
The kobold hits you with a +0 club.
* * * LOW HITPOINT WARNING * * *
Casting: Magic Dart (safe; 3% risk of failure)
Confirm with . or Enter, or press ? or * to list all spells.
Aiming: Magic Dart (safe; 3% risk of failure)
Press: ? - help, Shift-Dir - straight line, f - kobold
Aim: a kobold, wielding a +0 club (severely wounded, 100% to hit)
The magic dart hits the kobold but does no damage.
The kobold is severely wounded.
The kobold hits you with a +0 club.
You die...

#... .# . #......# .#
.#+#......#.#.##.
..........+......
..........#.#.. †
....... .........
......K##.#.#..#.
.......@.........
#.#..........†##...
#.#....≈≈≈≈≈...## #
#.#..≈≈≈≈≈≈##...# #
#...≈≈≈#####.##......
# #..≈≈≈≈#.##.##
≈..... #
#..≈≈≈≈#...## ..... #
#.≈≈≈≈≈#.### ≈....
#######.######.# ....


You could see a kobold.

Vanquished Creatures
  2 ball pythons (D:1)
  2 endoplasms (D:1)
  A frilled lizard (D:1)
5 creatures vanquished.

Notes
Turn   | Place    | Note
-------+----------+-------------------------------------------
     0 | D:1      | zero the Gargoyle Conjurer began the quest for the Orb.
     0 | D:1      | Reached XP level 1. HP: 10/10 MP: 3/3
   177 | D:1      | Slain by a kobold

Illustrated notes

Levels and vault maps discovered:
D:1:      dpeg_arrival_boxorama, layout_basic,
          hellmonk_ecumenical_altar_arch_garden, grunt_decor_junction,
          minmay_misc_feat_rows, minmay_tetromino_o4

Action                   || total
-------------------------++-------
Melee: Unarmed           ||     8
 Cast: Magic Dart        ||    11
Armor: Robe              ||     2
Dodge: Dodged            ||     3

Table legend: (Time is in decaauts)
 A = Elapsed time spent in this place.
 B = Non-inter-level travel time spent in this place.
 C = Inter-level travel time spent in this place.
 D = Time resting spent in this place.
 E = Time spent auto-exploring this place.
 F = Levels seen in this place.
 G = Mean time per level.
                   A        B        C        D        E       F      G
               +--------+--------+--------+--------+--------+-----+--------+
         Total |    177 |    177 |      0 |     45 |    102 |   1 |  177.0 |
       Dungeon |    177 |    177 |      0 |     45 |    102 |   1 |  177.0 |
               +--------+--------+--------+--------+--------+-----+--------+

Top non-repeatable levels by time:
     D:1: 177 daAuts
